PA
MANCELONA TORCH @ VALLEY BLUE SOX
07/17/2034
 
TOP OF THE 1ST
Mancelona Torch batting - Pitching for Valley Blue Sox : RHP Ignacio Uribe
Pitching: RHP Ignacio Uribe
Batting: LHB Charles Godard 0-0: Ball
1-0: Called Strike
1-1: Ball
2-1: Ball
3-1: Foul Ball, location: 2F
3-2: Foul Ball, location: 2F
3-2: Foul Ball, location: 2F
3-2: Strikes out looking
Batting: LHB Ed Holte 0-0: Called Strike
0-1: Fly out, F3 (Line Drive, 3)
Batting: LHB Basava Puri 0-0: Fly out, F4 (Line Drive, 4)
Top of the 1st over - 0 runs, 0 hits, 0 errors, 0 left on base; Mancelona 0 - Valley 0
BOTTOM OF THE 1ST
Valley Blue Sox batting - Pitching for Mancelona Torch : RHP Tomás Mata
Pitching: RHP Tomás Mata
Batting: RHB Dale Epner 0-0: Ball
1-0: Foul Ball, location: 2F
1-1: Foul Ball, location: 2F
1-2: Ground out 4-3 (Groundball, 4)
Batting: RHB Dallas Jiménez 0-0: Called Strike
0-1: Ball
1-1: Foul Ball, location: 2F
1-2: Ball
2-2: Ground out 5-3 (Groundball, 56S)
Batting: RHB Richard Trevithick 0-0: Fly out, F9 (Flyball, 9S)
Bottom of the 1st over - 0 runs, 0 hits, 0 errors, 0 left on base; Mancelona 0 - Valley 0
TOP OF THE 2ND
Mancelona Torch batting - Pitching for Valley Blue Sox : RHP Ignacio Uribe
Batting: SHB Arend van der Veen 0-0: Swinging Strike
0-1: Foul Ball, location: 2F
0-2: Ball
1-2: Ball
2-2: Strikes out swinging
Batting: LHB Duncan Witteman 0-0: Called Strike
0-1: Foul Ball, location: 2F
0-2: Strikes out swinging, 2-3 out at first.
Batting: RHB Magtanggol Florencio 0-0: Called Strike
0-1: Ball
1-1: Swinging Strike
1-2: Ball
2-2: Strikes out swinging
Top of the 2nd over - 0 runs, 0 hits, 0 errors, 0 left on base; Mancelona 0 - Valley 0
BOTTOM OF THE 2ND
Valley Blue Sox batting - Pitching for Mancelona Torch : RHP Tomás Mata
Batting: RHB Jon Huband 0-0: Ball
1-0: Ball
2-0: Swinging Strike
2-1: Ball
3-1: Fly out, F9 (Flyball, 89M)
Batting: LHB Stuart Janssen 0-0: Foul Ball, location: 2F
0-1: Foul Ball, location: 2F
0-2: Fly out, F7 (Flyball, 7S)
Batting: SHB Rich McElroy 0-0: Called Strike
0-1: Called Strike
0-2: Foul Ball, location: 2F
0-2: Ball
1-2: Ball
2-2: Strikes out looking
Bottom of the 2nd over - 0 runs, 0 hits, 0 errors, 0 left on base; Mancelona 0 - Valley 0
TOP OF THE 3RD
Mancelona Torch batting - Pitching for Valley Blue Sox : RHP Ignacio Uribe
Batting: RHB Marty Aspen 0-0: Ball
1-0: Swinging Strike
1-1: Ball
2-1: Ground out U3 (Groundball, 34S)
Batting: RHB Hjalmar Bisseling 0-0: Ball
1-0: Ground out 5-3 (Groundball, 5)
Batting: SHB Carlos Morales 0-0: Ball
1-0: Ball
2-0: Called Strike
2-1: Ball
3-1: Base on Balls
Batting: LHB Charles Godard 0-0: Called Strike
0-1: Called Strike
0-2: Strikes out swinging
Top of the 3rd over - 0 runs, 0 hits, 0 errors, 1 left on base; Mancelona 0 - Valley 0
BOTTOM OF THE 3RD
Valley Blue Sox batting - Pitching for Mancelona Torch : RHP Tomás Mata
Batting: RHB Grady Harris 0-0: Ball
1-0: Ball
2-0: Foul Ball, location: 2F
2-1: Foul Ball, location: 2F
2-2: Fly out, F8 (Flyball, 8LM)
Batting: RHB Ju-wei Huang 0-0: Ball
1-0: Ground out 5-3 (Groundball, 5)
Batting: RHB Jeff Fox 0-0: Called Strike
0-1: Fly out, F7 (Flyball, 78S)
Bottom of the 3rd over - 0 runs, 0 hits, 0 errors, 0 left on base; Mancelona 0 - Valley 0
TOP OF THE 4TH
Mancelona Torch batting - Pitching for Valley Blue Sox : RHP Ignacio Uribe
Batting: LHB Ed Holte 0-0: Swinging Strike
0-1: Foul Ball, location: 2F
0-2: Strikes out swinging
Batting: LHB Basava Puri 0-0: Foul Ball, location: 2F
0-1: Foul Ball, location: 2F
0-2: Ball
1-2: Strikes out looking
Batting: SHB Arend van der Veen 0-0: DOUBLE (Line Drive, 78D)
Batting: LHB Duncan Witteman 0-0: Called Strike
0-1: Foul Ball, location: 2F
0-2: Foul Ball, location: 2F
0-2: DOUBLE (Line Drive, 9LS)
Arend van der Veen scores
Batting: RHB Magtanggol Florencio 0-0: Swinging Strike
0-1: Ball
1-1: Ball
2-1: Foul Ball, location: 2F
2-2: Strikes out swinging, 2-3 out at first.
Top of the 4th over - 1 run, 2 hits, 0 errors, 1 left on base; Mancelona 1 - Valley 0
BOTTOM OF THE 4TH
Valley Blue Sox batting - Pitching for Mancelona Torch : RHP Tomás Mata
Batting: RHB Dale Epner 0-0: Foul Ball, location: 2F
0-1: Swinging Strike
0-2: SINGLE (Line Drive, 4D)
Batting: RHB Dallas Jiménez 0-0: Called Strike
0-1: Ball
Wild Pitch!
Dale Epner to second
1-1: Ball
2-1: SINGLE (Line Drive, 34)
Dale Epner to third
Batting: RHB Richard Trevithick 0-0: Called Strike
0-1: Ball
1-1: Ball
2-1: Ball
3-1: TRIPLE (Flyball, 89XD)
Dale Epner scores
Dallas Jiménez scores
Batting: RHB Jon Huband 0-0: Fly out, F8 (Flyball, 8RXD)
Runner from 3rd tags up, SCORES, no throw
Batting: LHB Stuart Janssen 0-0: Ball
1-0: Ball
2-0: Foul Ball, location: 2F
2-1: Foul Ball, location: 2F
2-2: SINGLE (Groundball, 56D)
Batting: SHB Rich McElroy 0-0: Called Strike
0-1: Grounds into double play, 5-4-3 (Groundball, 5)
Bottom of the 4th over - 3 runs, 4 hits, 0 errors, 0 left on base; Mancelona 1 - Valley 3
TOP OF THE 5TH
Mancelona Torch batting - Pitching for Valley Blue Sox : RHP Ignacio Uribe
Batting: RHB Marty Aspen 0-0: Ball
1-0: Swinging Strike
1-1: Ground out 6-3 (Groundball, 6S)
Batting: RHB Hjalmar Bisseling 0-0: Swinging Strike
0-1: Called Strike
0-2: Strikes out swinging
Batting: SHB Carlos Morales 0-0: Called Strike
0-1: Ground out 5-3 (Groundball, 56S)
Top of the 5th over - 0 runs, 0 hits, 0 errors, 0 left on base; Mancelona 1 - Valley 3
BOTTOM OF THE 5TH
Valley Blue Sox batting - Pitching for Mancelona Torch : RHP Tomás Mata
Batting: RHB Grady Harris 0-0: Ground out 6-3 (Groundball, 6)
Batting: RHB Ju-wei Huang 0-0: Ball
1-0: Fly out, F8 (Flyball, 8RM)
Batting: RHB Jeff Fox 0-0: Ball
1-0: SINGLE (Groundball, 34D)
Batting: RHB Dale Epner 0-0: Called Strike
0-1: Swinging Strike
0-2: Foul Ball, location: 2F
0-2: Foul Ball, location: 2F
0-2: Foul Ball, location: 2F
0-2: Ball
1-2: Ball
2-2: Ball
3-2: Base on Balls
Jeff Fox to second
Batting: RHB Dallas Jiménez 0-0: Ball
1-0: Ball
2-0: Ball
3-0: Base on Balls
Jeff Fox to third
Dale Epner to second
Batting: RHB Richard Trevithick 0-0: Ball
1-0: Fly out, F7 (Flyball, 7S)
Bottom of the 5th over - 0 runs, 1 hit, 0 errors, 3 left on base; Mancelona 1 - Valley 3
TOP OF THE 6TH
Mancelona Torch batting - Pitching for Valley Blue Sox : RHP Ignacio Uribe
Batting: LHB Charles Godard 0-0: Ball
1-0: Foul Ball, location: 2F
1-1: Swinging Strike
1-2: Strikes out swinging
Batting: LHB Ed Holte 0-0: Ball
1-0: Ball
2-0: Ground out U3 (Groundball, 3)
Batting: LHB Basava Puri 0-0: Ball
1-0: Ball
2-0: Ball
3-0: Called Strike
3-1: Base on Balls
Batting: SHB Arend van der Veen 0-0: Called Strike
0-1: Ball
Passed Ball!
Basava Puri to second
1-1: Called Strike
1-2: Foul Ball, location: 2F
1-2: Ball
2-2: Strikes out swinging
Top of the 6th over - 0 runs, 0 hits, 0 errors, 1 left on base; Mancelona 1 - Valley 3
BOTTOM OF THE 6TH
Valley Blue Sox batting - Pitching for Mancelona Torch : RHP Tomás Mata
Batting: RHB Jon Huband 0-0: SINGLE (Line Drive, 34D)
Batting: LHB Stuart Janssen 0-0: Called Strike
0-1: Ball
1-1: Ball
2-1: SINGLE (Groundball, 56D)
Jon Huband to second
Runner from 2nd tries for 3rd, OUT!
Batting: SHB Rich McElroy 0-0: Foul Ball, location: 2F
0-1: Ball
1-1: Ball
2-1: Grounds into double play, 4-6-3 (Groundball, 4)
Bottom of the 6th over - 0 runs, 2 hits, 0 errors, 0 left on base; Mancelona 1 - Valley 3
TOP OF THE 7TH
Mancelona Torch batting - Pitching for Valley Blue Sox : RHP Ignacio Uribe
Batting: LHB Duncan Witteman 0-0: Called Strike
0-1: Ball
1-1: Fly out, F7 (Line Drive, 7S)
Batting: RHB Magtanggol Florencio 0-0: Foul Ball, location: 2F
0-1: Foul Ball, location: 2F
0-2: Strikes out looking
Batting: RHB Marty Aspen 0-0: Foul Ball, location: 2F
0-1: Called Strike
0-2: Ball
1-2: Strikes out looking
Top of the 7th over - 0 runs, 0 hits, 0 errors, 0 left on base; Mancelona 1 - Valley 3
BOTTOM OF THE 7TH
Valley Blue Sox batting - Pitching for Mancelona Torch : RHP Tomás Mata
Batting: RHB Grady Harris 0-0: Called Strike
0-1: Swinging Strike
0-2: Ball
1-2: Strikes out looking
Batting: RHB Ju-wei Huang 0-0: Foul Ball, location: 2F
0-1: SINGLE (Line Drive, 4MD)
Batting: RHB Jeff Fox 0-0: Called Strike
Ju-wei Huang steals 2nd base
0-1: Ball
1-1: Ball
Passed Ball!
Ju-wei Huang to third
2-1: Fly out, F8 (Flyball, 8LM)
Runner from 3rd tags up, SCORES, no throw
Batting: RHB Dale Epner 0-0: Swinging Strike
0-1: Ball
1-1: Foul Ball, location: 2F
1-2: Foul Ball, location: 2F
1-2: Ball
2-2: Foul Ball, location: 2F
2-2: Ground out 5-3 (Groundball, 56)
Bottom of the 7th over - 1 run, 1 hit, 0 errors, 0 left on base; Mancelona 1 - Valley 4
TOP OF THE 8TH
Mancelona Torch batting - Pitching for Valley Blue Sox : RHP Ignacio Uribe
Batting: RHB Hjalmar Bisseling 0-0: Called Strike
0-1: Ball
1-1: Fly out, F6 (Line Drive, 6MD)
Batting: SHB Carlos Morales 0-0: Ball
1-0: Ground out 4-3 (Groundball, 4)
Batting: LHB Charles Godard 0-0: Called Strike
0-1: Ground out 4-3 (Groundball, 4)
Top of the 8th over - 0 runs, 0 hits, 0 errors, 0 left on base; Mancelona 1 - Valley 4
BOTTOM OF THE 8TH
Valley Blue Sox batting - Pitching for Mancelona Torch : RHP Tomás Mata
Pitching: RHP Chris Stambaugh
Batting: RHB Dallas Jiménez 0-0: Foul Ball, location: 2F
0-1: Ball
1-1: Ball
2-1: Ball
3-1: Base on Balls
Batting: RHB Richard Trevithick 0-0: Ball
1-0: Called Strike
1-1: Ball
2-1: Ball
3-1: Foul Ball, location: 2F
3-2: Strikes out looking
Dallas Jiménez is caught stealing 2nd base
Batter strikes out.
Batting: RHB Jon Huband 0-0: Foul Ball, location: 2F
0-1: Swinging Strike
0-2: Ball
1-2: Ground out 5-3 (Groundball, 5)
Bottom of the 8th over - 0 runs, 0 hits, 0 errors, 0 left on base; Mancelona 1 - Valley 4
TOP OF THE 9TH
Mancelona Torch batting - Pitching for Valley Blue Sox : RHP Ignacio Uribe
Pitching: RHP Tom Holloway
Batting: LHB Ed Holte 0-0: Ball
1-0: Ball
2-0: Ball
3-0: Base on Balls
Batting: LHB Basava Puri 0-0: Fly out, F8 (Flyball, 8LD)
Batting: SHB Arend van der Veen 0-0: Ball
1-0: Swinging Strike
1-1: Called Strike
1-2: Strikes out swinging
Batting: LHB Duncan Witteman 0-0: SINGLE (Flyball, 8LS)
Ed Holte to second
Batting: RHB Magtanggol Florencio 0-0: Ball
1-0: Foul Ball, location: 2F
1-1: Foul Ball, location: 2F
1-2: Foul Ball, location: 2F
1-2: Strikes out looking
Top of the 9th over - 0 runs, 1 hit, 0 errors, 2 left on base; Mancelona 1 - Valley 4
Friday, March 29th, 2019 - OOTP Baseball 18.8 Build 76